 Dungeon Crawl Stone Soup version 0.25.1-2-g60ff931df9 (webtiles) character file.

Game seed: 11804533741939383273

541 JustSomeDude the Sneak (level 7, -2/36 HPs)
             Began as a Vine Stalker Assassin on Sept 4, 2020.
             Slain by an orc wizard
             ... wielding a +0 dagger
              (4 damage)
             ... on level 4 of the Dungeon on Sept 7, 2020.
             The game lasted 00:09:49 (3294 turns).

JustSomeDude the Sneak (Vine Stalker Assassin)      Turns: 3294, Time: 00:09:50

Health: -2/36      AC:  7    Str: 14    XL:     7   Next: 26%
Magic:  0/8        EV: 13    Int: 11    God:
Gold:   175        SH:  0    Dex: 17    Spells: 6/6 levels left

rFire    . . .     SeeInvis .   s - +0 short sword
rCold    . . .     Gourm    .   (no shield)
rNeg     . . .     Faith    .   t - +0 leather armour
rPois    .         Spirit   +   (no helmet)
rElec    .         Reflect  .   c - +0 cloak
rCorr    .         Harm     .   (no gloves)
MR       .....                  o - +2 pair of boots
Stlth    +++.......             (no amulet)
HPRegen  0.52/turn              (no ring)
MPRegen  0.11/turn              (no ring)

@: mighty, hasted, very quick
A: fangs 2, regeneration 1, magic shield, antimagic bite, no potion heal 3, rot
immunity
a: no special abilities


You were on level 4 of the Dungeon.
You were not hungry.

You visited 1 branch of the dungeon, and saw 4 of its levels.

You collected 175 gold pieces.

Inventory:

Hand Weapons
 a - a +2 dagger
 s - a +0 short sword (weapon)
Missiles
 d - 8 poisoned darts (quivered)
 e - 2 curare-tipped darts
Armour
 b - a +0 robe
 c - a +0 cloak (worn)
 o - a +2 pair of boots (worn)
 t - a +0 leather armour (worn)
Jewellery
 l - an uncursed ring of stealth {unknown}
 r - a cursed -4 ring of dexterity {unknown}
Scrolls
 g - 12 scrolls of identify {unknown}
 j - 2 scrolls of remove curse {unknown}
 n - a scroll of teleportation {unknown}
 p - a scroll of amnesia {unknown}
 q - a scroll of blinking {unknown}
Potions
 h - a potion of flight {unknown}
 i - a potion of haste
 k - a potion of curing
 v - a potion of resistance {unknown}
Comestibles
 f - 6 rations
 u - 5 chunks of flesh


   Skills:
 + Level 3.1 Fighting
 + Level 4.1 Short Blades
 + Level 1.9 Throwing
 + Level 1.2 Armour
 + Level 2.5 Dodging
 + Level 7.1 Stealth


You had 6 spell levels left.
You didn't know any spells.
Your spell library was empty.

Dungeon Overview and Level Annotations

Branches:
Dungeon (4/15)
 Temple: D:4-7

Altars:
Kikubaaqudgha
Nemelex Xobeh
Okawaru
Vehumet

Shops:
D:4 !

Annotations:
D:3 2 transporters


Innate Abilities, Weirdness & Mutations

You have extremely sharp teeth.
Your natural rate of healing is unusually fast.
When hurt, damage is shared between your health and your magic reserves.
Your bite disrupts and absorbs the magic of your enemies.
Potions cannot restore your health.
You are immune to rotting.


Message History

You bite the orc wizard, but do no damage.
The orc wizard is moderately wounded.
The orc wizard barely misses you.
You hit the orc wizard.
The orc wizard is severely wounded.
The orc wizard hits you with a +0 dagger.
Something hits you.
* * * LOW HITPOINT WARNING * * *
You hit the orc wizard. You bite the orc wizard.
You kill the orc wizard!
You hear some strange, mumbled words.
A magic dart appears from out of thin air!
The magic dart hits you!
* * * LOW HITPOINT WARNING * * *
It was a potion of curing.
That felt strangely inert.
You have no ailments to cure.
It was a potion of might.
You feel very mighty all of a sudden. Something hits you.
You die...

#...######.........
#.>......'.........
#.......##.........
#.......##.........
#.......##.........
##+##.).....###.##.
#....#####÷###..#
#)#..# #....#.#
#@#..#####.####.# #
#{#.....##.# #.#
#.###.#.#...##.####.##
#....a................
####...........#####.#
#....###.####### #.#
#.∩.. #.# #.. #....
#.# ##. ...... #.# #.


You could see a worker ant.

Vanquished Creatures
  2 phantoms
  A bullfrog zombie (D:3)
  4 orc wizards
  An iguana (D:3)
  A worker ant (D:4)
  3 adders
  An adder zombie (D:2)
  An adder skeleton (D:4)
  5 worms
  7 dart slugs
  A leopard gecko (D:2)
  15 orcs
  A ball python (D:2)
  4 giant cockroaches
  8 goblins
  5 hobgoblins
  6 jackals
  16 kobolds
  9 bats
  4 frilled lizards
  5 rats
  A plant (D:2)
101 creatures vanquished.

Notes
Turn   | Place    | Note
-------+----------+-------------------------------------------
     0 | D:1      | JustSomeDude the Vine Stalker Assassin began the quest for
                  | the Orb.
     0 | D:1      | Reached XP level 1. HP: 11/11 MP: 2/2
   193 | D:1      | Reached skill level 5 in Stealth
   218 | D:1      | Reached XP level 2. HP: 15/15 MP: 3/3
   552 | D:1      | Reached XP level 3. HP: 18/18 MP: 4/4
   970 | D:2      | Reached skill level 1 in Dodging
  1291 | D:2      | Found a radiant altar of Vehumet.
  1371 | D:2      | Found an ancient bone altar of Kikubaaqudgha.
  1389 | D:2      | Gained mutation: Your natural rate of healing is unusually
                  | fast. [Vine Stalker growth]
  1389 | D:2      | Reached XP level 4. HP: 23/23 MP: 5/5
  1392 | D:2      | Reached skill level 6 in Stealth
  1801 | D:3      | Reached XP level 5. HP: 12/27 MP: 2/6
  2033 | D:3      | Found an iron altar of Okawaru.
  2053 | D:3      | Noticed a hungry ghost
  2056 | D:3      | Found a transporter.
  2056 | D:3      | Noticed a big kobold
  2065 | D:3      | Found a transporter.
  2535 | D:3      | Found a sparkling altar of Nemelex Xobeh.
  2729 | D:4      | Reached XP level 6. HP: 32/32 MP: 7/7
  2803 | D:4      | Noticed a phantom
  2807 | D:4      | Noticed a phantom
  2889 | D:3      | Killed a phantom
  2984 | D:4      | Killed a phantom
  2984 | D:4      | Reached skill level 7 in Stealth
  2984 | D:4      | Reached XP level 7. HP: 19/36 MP: 5/8
  3069 | D:4      | Reached skill level 1 in Armour
  3257 | D:4      | Found Akhleh's Distillery.
  3294 | D:4      | Slain by an orc wizard

Illustrated notes

Levels and vault maps discovered:
D:1:      dpeg_arrival_water_fire, layout_loops_ring
D:2:      layout_basic, vehumet_crystals, overflow_temple_1_default,
          hangedman_feature_mirror, lexackson_kobold_supper
D:3:      layout_loops_ring, lemuel_round_altar, gammafunk_temple_overflow_arena
D:4:      layout_basic, serial_shops, shop, uniq_robin

Skill      XL: |  1  2  3  4  5  6  7 |
---------------+----------------------+-----
Stealth        | 5 6 7 |  7.1
Fighting       | 2 3 |  3.1
Short Blades   | 2 3 4 |  4.1
Dodging        | 1 2 |  2.5
Armour         | 1 |  1.2
Throwing       | |  1.9

Action                   |  1- 3 |  4- 6 |  7- 9 || total
-------------------------+-------+-------+-------++-------
Melee: Dagger            |    88 |   187 |       ||   275
       Bite              |    17 |    85 |    17 ||   119
       Short sword       |       |    83 |    39 ||   122
  Use: Potion            |       |       |     3 ||     3
 Stab: Sleeping          |    17 |     5 |     1 ||    23
  Eat: Chunk             |     1 |     6 |     1 ||     8
Armor: Robe              |    14 |    25 |       ||    39
       Leather armour    |       |    10 |     8 ||    18
Dodge: Dodged            |    42 |   139 |    29 ||   210
